 Dungeon Crawl Stone Soup version 0.21.0-37-g46506fa (webtiles) character file.

46 tidbits the Digger (level 3, 23/25 HPs)
             Began as a Gnoll Earth Elementalist on Feb 1, 2018.
             Quit the game on level 3 of the Dungeon.
             The game lasted 00:04:20 (401 turns).

tidbits the Digger (Gnoll Earth Elementalist)        Turns: 401, Time: 00:04:21

Health: 23/25      AC:  2    Str: 10    XL:     3   Next: 66%
Magic:  9/9        EV: 14    Int: 18    God:
Gold:   119        SH:  0    Dex: 15    Spells: 6/12 levels left

rFire    . . .     SeeInvis .   a - +0 dagger
rCold    . . .     Gourm    .   (no shield)
rNeg     . . .     Faith    .   c - +0 robe
rPois    .         Spirit   .   (no helmet)
rElec    .         Reflect  .   (no cloak)
rCorr    .         Harm     .   (no gloves)
MR       .....                  (no boots)
Stlth    +++.......             (no amulet)
HPRegen  0.08/turn              (no ring)
MPRegen  0.11/turn              (no ring)

@: no status effects
A: distributed training, fangs 1, strong nose
a: no special abilities


You were on level 3 of the Dungeon.
You were not hungry.

You visited 1 branch of the dungeon, and saw 3 of its levels.

You collected 119 gold pieces.

Inventory:

Hand Weapons
 a - a +0 dagger (weapon)
 f - a +0 club
Armour
 c - a +0 robe (worn)
Scrolls
 g - a scroll of identify {unknown}
Books
 e - a book of Geomancy

   Spells                             Type                      Level
   a - Sandblast                      Earth                        1
   b - Passwall                       Transmutation/Earth          2
   c - Stone Arrow                    Conjuration/Earth            3
   d - Petrify                        Transmutation/Earth          4
   e - Lee's Rapid Deconstruction     Earth                        5
Comestibles
 d - 3 rations


   Skills:
 + Level 0.9 Fighting
 + Level 0.9 Short Blades
 + Level 0.9 Long Blades
 + Level 0.9 Axes
 + Level 0.9 Maces & Flails
 + Level 0.9 Polearms
 + Level 0.9 Staves
 + Level 0.9 Slings
 + Level 0.9 Bows
 + Level 0.9 Crossbows
 + Level 0.9 Throwing
 + Level 0.9 Armour
 + Level 4.5 Dodging
 + Level 4.2 Stealth
 + Level 0.9 Shields
 + Level 0.9 Unarmed Combat
 + Level 5.0 Spellcasting
 + Level 0.6 Conjurations
 + Level 0.6 Hexes
 + Level 0.6 Charms
 + Level 0.6 Summonings
 + Level 0.6 Necromancy
 + Level 0.6 Translocations
 + Level 2.1 Transmutations
 + Level 0.6 Fire Magic
 + Level 0.6 Ice Magic
 + Level 0.6 Air Magic
 + Level 5.4 Earth Magic
 + Level 0.6 Poison Magic
 + Level 1.0 Invocations
 + Level 0.9 Evocations


You had 6 spell levels left.
You knew the following spells:

 Your Spells              Type           Power        Failure   Level  Hunger
a - Sandblast             Erth           ###...       1%          1    None
j - Stone Arrow           Conj/Erth      ###...       12%         3    ##.....
p - Passwall              Tmut/Erth      ###.......   4%          2    #......


Dungeon Overview and Level Annotations

Branches:
Dungeon (3/15)

Altars:


Innate Abilities, Weirdness & Mutations

Your experience applies equally to all skills.
You have very sharp teeth.
Your uncanny sense of smell can sniff out nearby items.


Message History

Aim: a goblin, wielding a dagger (hasn't noticed you)
You don't have any stones to cast with.
As you read the scroll labeled NETADD GEUDEM, it crumbles to dust.
You feel blessed for a moment.
It was a scroll of remove curse.
You barely miss the goblin.
The goblin shouts!
The goblin hits you but does no damage.
You hit the goblin.
The goblin is severely wounded.
The goblin hits you with a dagger.
You barely miss the goblin.
The goblin is severely wounded.
The goblin hits you but does no damage.
You hit the goblin.
You kill the goblin!
Your Invocations skill increases to level 1!
You see here a dagger.
Found a stone staircase leading down.
There is a stone staircase leading down here.
You closely miss the leopard gecko.
The leopard gecko hisses angrily.
The leopard gecko bites you.
* * * LOW HITPOINT WARNING * * *
You closely miss the leopard gecko.
You bite the leopard gecko, but do no damage.
The leopard gecko closely misses you.
You closely miss the leopard gecko. The leopard gecko closely misses you.
The frilled lizard hisses.
You hit the leopard gecko.
The leopard gecko is severely wounded.
The leopard gecko bites you.
* * * LOW HITPOINT WARNING * * *
The leopard gecko closely misses you.
You hit the leopard gecko.
The leopard gecko is almost dead.
The frilled lizard closely misses you. The leopard gecko closely misses you.
You hit the leopard gecko.
You kill the leopard gecko!
The frilled lizard misses you.
You barely miss the frilled lizard. The frilled lizard closely misses you.
You barely miss the frilled lizard.
The frilled lizard completely misses you.
You closely miss the frilled lizard. The frilled lizard misses you.
You barely miss the frilled lizard. You hit the frilled lizard.
The frilled lizard is heavily wounded.
The frilled lizard misses you.
You closely miss the frilled lizard.
The frilled lizard is heavily wounded.
The frilled lizard misses you.
You closely miss the frilled lizard.
You bite the frilled lizard, but do no damage.
The frilled lizard is heavily wounded.
The frilled lizard bites you.
* * * LOW HITPOINT WARNING * * *
You closely miss the frilled lizard.
The frilled lizard is heavily wounded.
The frilled lizard closely misses you.
You hit the frilled lizard.
You kill the frilled lizard!
Unknown command.
You climb downwards.
Found 7 gold pieces.
There is a stone staircase leading up here.
Found 5 gold pieces.
You see here 7 gold pieces.
You now have 109 gold pieces (gained 7).
You see here 5 gold pieces.
You now have 114 gold pieces (gained 5).
Found 5 gold pieces.
You see here 5 gold pieces.
You now have 119 gold pieces (gained 5).
A leopard gecko and a quokka come into view.
The helpless leopard gecko fails to defend itself.
You impale the leopard gecko!!
You kill the leopard gecko!
Found a stone staircase leading up.
You closely miss the quokka. The quokka misses you.
You hit the quokka.
The quokka is heavily wounded.
The quokka bites you but does no damage.
A jackal comes into view.
The jackal barks!
You hit the quokka but do no damage.
The quokka is heavily wounded.
The quokka closely misses you.
You closely miss the quokka.
You kill the quokka!
The jackal misses you.
A bat comes into view.
Unknown command.
It was a potion of heal wounds.
You feel much better.
The bat moves out of view.
The jackal barely misses you.
The jackal bites you but does no damage.
The jackal barely misses you. The jackal barely misses you.
The jackal bites you. The jackal closely misses you.
An adder and a jackal come into view.
The adder moves out of view.
Are you sure you want to abandon this character and quit the game? (Confirm with "yes".)

∆ #### #<
####..... #.
#...h.... # #.
#@# ∆
#.###.#####h#
#...........#
............#
............#
............#
..###.#####.###
#.........#
#########.#.#


You could see 2 jackals.

Vanquished Creatures
  An adder (D:2)
  2 worms (D:2)
  A dart slug (D:1)
  3 leopard geckos
  A bat (D:1)
  2 giant cockroaches (D:1)
  2 goblins (D:2)
  2 hobgoblins (D:1)
  2 quokkas
  A ball python (D:1)
  2 frilled lizards
  4 kobolds (D:1)
  3 rats (D:1)
26 creatures vanquished.

Notes
Turn   | Place    | Note
-------+----------+-------------------------------------------
     0 | D:1      | tidbits the Gnoll Earth Elementalist began the quest for the Orb.
     0 | D:1      | Reached XP level 1. HP: 13/13 MP: 6/6
     4 | D:1      | Noticed an electric eel
    44 | D:1      | Reached skill level 2 in Transmutations
    62 | D:2      | Reached XP level 2. HP: 19/19 MP: 0/7
   131 | D:1      | HP: 2/20 [leopard gecko (3)]
   240 | D:1      | Reached XP level 3. HP: 11/25 MP: 5/9
   244 | D:1      | Learned a level 2 spell: Passwall
   248 | D:1      | Learned a level 3 spell: Stone Arrow
   269 | D:2      | Reached skill level 5 in Spellcasting
   315 | D:2      | Reached skill level 1 in Invocations
   401 | D:3      | Quit the game

Skill      XL: |  1  2  3 |
---------------+----------+-----
Transmutations | 2 |  2.1
Spellcasting   | 5 |  5.0
Invocations    | 1 |  1.0
Fighting       | |  0.9
Short Blades   | |  0.9
Long Blades    | |  0.9
Axes           | |  0.9
Maces & Flails | |  0.9
Polearms       | |  0.9
Staves         | |  0.9
Slings         | |  0.9
Bows           | |  0.9
Crossbows      | |  0.9
Throwing       | |  0.9
Armour         | |  0.9
Dodging        | |  4.5
Stealth        | |  4.2
Shields        | |  0.9
Unarmed Combat | |  0.9
Conjurations   | |  0.6
Hexes          | |  0.6
Charms         | |  0.6
Summonings     | |  0.6
Necromancy     | |  0.6
Translocations | |  0.6
Fire Magic     | |  0.6
Ice Magic      | |  0.6
Air Magic      | |  0.6
Earth Magic    | |  5.4
Poison Magic   | |  0.6
Evocations     | |  0.9

Action                   || total
-------------------------++-------
Melee: Dagger            ||    45
       Club              ||     5
       Bite              ||     2
       Punch             ||     1
 Cast: Sandblast         ||    30
  Use: Potion            ||     2
       Scroll            ||     1
 Stab: Sleeping          ||     3
Armor: Robe              ||     5
Dodge: Dodged            ||    46

Table legend:
 A = Turns spent in this place as a percentage of turns spent in the entire game.
 B = Non-inter-level travel turns spent in this place as a percentage of non-inter-level travel turns spent in the entire game.
 C = Inter-level travel turns spent in this place as a percentage of turns spent in this place.
 D = Turns resting spent in this place as a percentage of non-inter-level travel turns spent in this place.
 E = Turns spent auto-exploring this place as a percentage of non-inter-level travel turns spent in this place.
 F = Non-inter-level travel turns spent in this place divided by the number of levels of this place that you've seen.
                   A       B       C       D       E      F
               +-------+-------+-------+-------+-------+----------------------
         Total | 100.0 | 100.0 |   0.0 |   0.0 |   0.0 | 133.7
       Dungeon | 100.0 | 100.0 |   0.0 |   0.0 |   0.0 | 133.7
               +-------+-------+-------+-------+-------+----------------------

Table legend:
 A = Kills in this place as a percentage of kills in entire the game.
 B = Kills by you in this place as a percentage of kills by you in the entire game.
 C = Kills by friends in this place as a percentage of kills by friends in the entire game.
 D = Other kills in this place as a percentage of other kills in the entire game.
 E = Experience gained in this place as a percentage of experience gained in the entire game.
 F = Experience gained in this place divided by the number of levels of this place that you have seen.
                   A       B       C       D       E      F
               +-------+-------+-------+-------+-------+----------------------
         Total | 100.0 | 100.0 |   N/A |   N/A | 100.0 |  22.0
       Dungeon | 100.0 | 100.0 |   N/A |   N/A | 100.0 |  22.0
               +-------+-------+-------+-------+-------+----------------------

Vault maps used:
D:1:      arrival_aquarium_a
D:2:      cheibrodos_greedy_goblins, first_ration
D:3:      lemuel_crystal_altar, uniq_sigmund
